 Dungeon Crawl Stone Soup version 0.21.1-1-g345015f (webtiles) character file.

130 Kzard the Skirmisher (level 4, -3/60 HPs)
             Began as a Draconian Berserker on Apr 4, 2018.
             Was a Believer of Trog.
             Slain by Alarion00's ghost (12 damage)
             ... on level 3 of the Dungeon on Apr 6, 2018.
             The game lasted 00:16:58 (3265 turns).

Kzard the Skirmisher (Draconian Berserker)          Turns: 3265, Time: 00:16:59

Health: -3/60      AC:  5    Str: 25 (28) XL:     4   Next: 89%
Magic:  4/4        EV: 12    Int:  5 (7)  God:    Trog [**....]
Gold:   52         SH:  0    Dex:  7 (10) Spells: 3/3 levels left

rFire    . . .     SeeInvis .   j - +1 short sword (drain)
rCold    . . .     Gourm    .   (no shield)
rNeg     . . .     Faith    .   (armour unavailable)
rPois    .         Spirit   .   (helmet restricted)
rElec    .         Reflect  .   (no cloak)
rCorr    .         Harm     .   (no gloves)
MR       .....                  (no boots)
Stlth    ..........             (no amulet)
HPRegen  0.20/turn              l - +2 ring of strength
MPRegen  0.09/turn              (no ring)

@: berserking (expiring), drained, very quick
A: unfitting armour, cold-blooded, AC +5
a: Berserk, Trog's Hand, Burn Spellbooks, Renounce Religion


You were on level 3 of the Dungeon.
You worshipped Trog.
Trog was pleased with you.
You were very hungry.

You visited 1 branch of the dungeon, and saw 3 of its levels.

You collected 52 gold pieces.

Inventory:

Hand Weapons
 a - a +0 spear
 g - a +0 hunting sling
 j - a +1 short sword of draining (weapon)
 m - a +0 hunting sling of freezing
 p - a +0 club
Missiles
 k - 72 stones (quivered)
Armour
 i - a +0 leather armour
Jewellery
 l - a +2 ring of strength (left hand)
Scrolls
 d - 3 scrolls of identify
 e - a scroll of remove curse
 r - a scroll of enchant armour {unknown}
 s - a scroll of magic mapping {unknown}
Potions
 c - a potion of flight {unknown}
 f - a potion of curing
 h - a potion of lignification {unknown}
 n - a potion of degeneration
 o - a potion of might {unknown}
 q - a potion of mutation {unknown}
Comestibles
 b - 3 rations


   Skills:
 + Level 4.0(3.5) Fighting
 + Level 0.9(0.4) Short Blades
 - Level 3.6(3.2) Polearms
 + Level 0.3 Slings
 + Level 1.1(0.7) Throwing
 + Level 3.7(3.2) Dodging
 + Level 0.5(0.1) Stealth


You had 3 spell levels left.
You didn't know any spells.

Dungeon Overview and Level Annotations

Branches:
Dungeon (3/15)

Altars:
Ru
Vehumet

Annotations:
D:3 Alarion00's ghost, amateur HuBe


Innate Abilities, Weirdness & Mutations

Your plain brown scales are hard. (AC +5)
You cannot fit into any form of body armour.
You are cold-blooded and may be slowed by cold attacks.


Message History

* * * LOW HITPOINT WARNING * * *
You hit Alarion00's ghost.
Alarion00's ghost is lightly damaged.
You puncture Alarion00's ghost! You tail-slap Alarion00's ghost.
Alarion00's ghost is heavily damaged.
Alarion00's ghost closely misses you.
You barely miss Alarion00's ghost.
Alarion00's ghost is heavily damaged.
Alarion00's ghost hits you!
* * * LOW HITPOINT WARNING * * *
You hit Alarion00's ghost but do no damage.
You tail-slap Alarion00's ghost.
Alarion00's ghost is heavily damaged.
You puncture Alarion00's ghost!
Alarion00's ghost is severely damaged.
Alarion00's ghost closely misses you.
You hit Alarion00's ghost.
Alarion00's ghost is severely damaged.
Alarion00's ghost hits you!
You die...

#.# #.#### .#... #.#
#....# #....##+## ####.#
#....#...## #.#
#........## ####.#
#(..(....## ##.##.### .
#(.....(.####........
...#.(((....)....[...##.
.......@W...####<..#.##.
####.......## ##.##.##.
##.....## #.##.##.
##...## #.##.##. ##+##
#.##.##. #.......
####.### #.# #.#


You could see Alarion00's ghost.

Vanquished Creatures
  An orc wizard (D:2)
  Terence (D:2)
  4 adders (D:2)
  A worm (D:3)
  2 ball pythons
  5 bats
  5 goblins
  5 hobgoblins
  A quokka (D:2)
  5 frilled lizards
  5 kobolds
  9 rats
44 creatures vanquished.

Notes
Turn   | Place    | Note
-------+----------+-------------------------------------------
     0 | D:1      | Kzard the Draconian Berserker began the quest for the Orb.
     0 | D:1      | Reached XP level 1. HP: 19/19 MP: 1/1
     3 | D:1      | Found a radiant altar of Vehumet.
   658 | D:1      | Reached XP level 2. HP: 21/26 MP: 2/2
  1463 | D:2      | Noticed Terence
  1474 | D:2      | Killed Terence
  1474 | D:2      | Reached XP level 3. HP: 18/33 MP: 3/3
  2191 | D:2      | Reached XP level 4. HP: 38/40 MP: 4/4
  2409 | D:2      | Found a sacrificial altar of Ru.
  2547 | D:2      | Reached skill level 1 in Throwing
  2721 | D:2      | Reached ** piety under Trog
  2789 | D:2      | Reached skill level 4 in Fighting
  3245 | D:3      | Noticed Alarion00's ghost (amateur HuBe)
  3265 | D:3      | Slain by Alarion00's ghost

Skill      XL: |  1  2  3  4 |
---------------+-------------+-----
Dodging        | 3 |  3.7
Throwing       | 1 |  1.1
Fighting       | 4 |  4.0
Short Blades   | |  0.9
Polearms       | |  3.6
Slings         | |  0.3
Stealth        | |  0.5

Action                   |  1- 3 |  4- 6 || total
-------------------------+-------+-------++-------
Melee: Spear             |    53 |       ||    53
       Tailslap          |    11 |     6 ||    17
       Short sword       |    29 |    48 ||    77
 Fire: Hunting sling     |       |     7 ||     7
Throw: Stone             |    27 |    18 ||    45
Invok: Berserk           |       |     1 ||     1
  Use: Scroll            |       |     4 ||     4
       Potion            |       |     2 ||     2
 Stab: Paralysed         |       |     1 ||     1
  Eat: Chunk             |     4 |     3 ||     7
Armor: Skin              |    41 |    13 ||    54
Dodge: Dodged            |    72 |    30 ||   102
